 Dungeon Crawl Stone Soup version 0.26-a0-812-g31a745ddcd (webtiles) character file.

Game seed: 17006776158184258531

1634 kae the Ruffian (level 8, -5/67 HPs)
             Began as a Grey Draconian Transmuter on Dec 1, 2020.
             Was a Believer of Ru.
             Slain by an orc warrior
             ... wielding a +0 trident
              (14 damage)
             ... on level 6 of the Dungeon.
             The game lasted 00:05:00 (7876 turns).

kae the Ruffian (Grey Draconian Transmuter)         Turns: 7876, Time: 00:05:01

Health: -5/67      AC: 11    Str: 16    XL:     8   Next: 66%
Magic:  13/14      EV: 11    Int: 13    God:    Ru [**....]
Gold:   183        SH:  0    Dex: 11    Spells: 11/15 levels left

rFire    . . .     SeeInvis .     - Unarmed
rCold    . . .     Faith    .   (no shield)
rNeg     . . .     Spirit   .   (armour unavailable)
rPois    .         Reflect  .   (helmet restricted)
rElec    .         Harm     .   (no cloak)
rCorr    .         Rampage  .   (no gloves)
MR       .....                  (no boots)
Stlth    +.........             (no amulet)
HPRegen  0.21/turn              (no ring)
MPRegen  0.14/turn              (no ring)

@: no status effects
A: walk through water, unfitting armour, unbreathing, cold-blooded, inability to
train dodging, AC +11
a: Renounce Religion


You were on level 6 of the Dungeon.
You worshipped Ru.
Ru was pleased with you.
You visited 2 branches of the dungeon, and saw 8 of its levels.

You collected 345 gold pieces.
You spent 162 gold pieces at shops.

Inventory:

Jewellery
 b - an uncursed ring of see invisible {unknown}
 c - an uncursed ring of fire
 u - an uncursed amulet of reflection {unknown}
 w - a +6 ring of strength {unknown}
Wands
 j - a wand of polymorph (3)
Scrolls
 a - 4 scrolls of magic mapping
 h - 4 scrolls of identify
 k - a scroll of brand weapon
 n - 2 scrolls of amnesia
 s - 2 scrolls of random uselessness
 t - 4 scrolls of remove curse
Potions
 d - 3 potions of attraction {unknown}
 e - 2 potions of heal wounds
 f - a potion of brilliance
 g - 3 potions of lignification {unknown}
 i - a potion of mutation {unknown}
 l - a potion of magic
 m - a potion of might
 o - a potion of flight
 p - a potion of curing {unknown}
 q - a potion of haste
 r - a potion of resistance {unknown}
 v - a potion of invisibility {unknown}


   Skills:
 + Level 4.6 Fighting
   Level 0.0 Dodging
 * Level 6.5 Unarmed Combat
 + Level 4.1 Spellcasting
 * Level 6.0 Transmutations
 - Level 2.0 Poison Magic


You had 11 spell levels left.
You knew the following spells:

 Your Spells              Type           Power        Failure   Level
a - Beastly Appendage     Tmut           ###...       1%          1
b - Spider Form           Tmut/Pois      ##........   12%         3

Your spell library contained the following spells:

 Spells                   Type           Power        Failure   Level
 Wereblood                Tmut           ###.....     2%          2
 Blade Hands              Tmut           ###.......   43%         5
 Ice Form                 Ice/Tmut       ##......     52%         4


Dungeon Overview and Level Annotations

Branches:
Dungeon (7/15)             Temple (1/1) D:4

Altars:
Ashenzari
Cheibriados
Dithmenos
Elyvilon
Fedhas
Gozag
Hepliaklqana
Kikubaaqudgha
Makhleb
Nemelex Xobeh
Okawaru
Qazlal
Ru
Sif Muna
Trog
Uskayaw
Vehumet
Wu Jian
Xom
Yredelemnul
Zin
The Shining One

Shops:
D:4 ?   D:6 }


Innate Abilities, Weirdness & Mutations

You can walk through water.
Your dull iron-grey scales are very hard. (AC +11)
You cannot fit into any form of body armour.
You can survive without breathing.
You are cold-blooded and may be slowed by cold attacks.
You cannot train Dodging skill.


Message History

Deactivating autopickup; reactivate with Ctrl-A.
You bump into the rock wall.
The orc warrior hits you from afar with a +0 trident!!
The orc completely misses you.
You bump into the rock wall.
The orc hits you with a +0 short sword.
The orc warrior hits you from afar with a +0 trident!
Something barely misses you.
You barely miss something.
Your transformation has ended.
You feel less confused.
The orc shouts!
The orc hits you with a +0 short sword. The orc warrior completely misses you.
Something hits you but does no damage.
You punch something!
Reactivating autopickup.
You feel a bit more experienced. The orc misses you.
The orc warrior hits you from afar with a +0 trident!
* * * LOW HITPOINT WARNING * * *
The orc closely misses you.
The orc warrior hits you from afar with a +0 trident!
You die...

...##..####...###
..............##
#..#..##...#.... ...
## ##.....##..####.#
.... #. ##.....#
#.## #..#
.....#.##..##..###.#
#.##
.....o.o).####.##..#
##.# ...##..)o.#
#..#..# #..# ##...@#
##.#.## #.###
##....# #...####.# #
#....# #........###
##..#. #...##.....#.
#....#....######..#
$#.##.###.# ###.
...#.## ### ##
######


You could see an orc warrior and 2 orcs.

Vanquished Creatures
  A yak (D:6)
  A water moccasin (D:5)
  2 phantoms
  4 ogres
  A centaur (D:5)
  A hound (D:4)
  2 orc priests (D:4)
  6 orc wizards
  A bullfrog skeleton (D:6)
  An iguana (D:5)
  Natasha (thrice) (D:2)
  4 worker ants (D:4)
  A hound zombie (D:3)
  A hound skeleton (D:4)
  4 gnolls (D:5)
  8 adders
  A howler monkey skeleton (D:5)
  A white imp (D:5)
  2 oozes
  An adder zombie (D:3)
  3 worms
  A dart slug (D:1)
  5 leopard geckos
  17 orcs
  2 ball pythons
  11 bats
  9 giant cockroaches
  7 goblins
  12 hobgoblins
  9 jackals
  8 kobolds
  3 quokkas
  A ball python skeleton (D:4)
  7 frilled lizards
  3 jackal zombies (D:3)
  A leopard gecko skeleton (D:3)
  2 quokka skeletons
  15 rats
162 creatures vanquished.

Vanquished Creatures (others)
  3 withered plants (D:3)
3 creatures vanquished.

Grand Total: 165 creatures vanquished

Notes
Turn   | Place    | Note
-------+----------+-------------------------------------------
     0 | D:1      | kae the Draconian Transmuter began the quest for the Orb.
     0 | D:1      | Reached XP level 1. HP: 16/16 MP: 3/3
   415 | D:1      | Reached XP level 2. HP: 23/23 MP: 3/5
   775 | D:1      | Reached XP level 3. HP: 26/28 MP: 4/6
  1560 | D:2      | Reached XP level 4. HP: 36/36 MP: 5/7
  1577 | D:2      | Noticed Natasha
  1581 | D:2      | Killed Natasha
  1586 | D:2      | Learned a level 3 spell: Spider Form
  1595 | D:2      | Found a basalt altar of Yredelemnul.
  1845 | D:2      | Noticed Natasha
  1966 | D:2      | Killed Natasha
  1966 | D:2      | Reached XP level 5. HP: 22/41 MP: 8/8
  2116 | D:2      | Found a glowing golden altar of the Shining One.
  2185 | D:2      | Noticed Natasha
  2196 | D:2      | Killed Natasha
  2196 | D:2      | Reached skill level 1 in Poison Magic
  3795 | D:4      | Reached XP level 6. HP: 29/50 MP: 8/10
  4435 | D:4      | Found a staircase to the Ecumenical Temple.
  4447 | D:4      | Your scales start taking on a dull iron-grey colour.
  4447 | D:4      | Reached XP level 7. HP: 30/57 MP: 7/11
  4447 | D:4      | Gained mutation: You can survive without breathing. [Grey
                  | Draconian growth]
  4454 | Temple   | Entered the Ecumenical Temple
  4785 | Temple   | Became a worshipper of Ru the Awakened
  4819 | D:4      | You fall into a shaft and drop 3 floors!
  4938 | D:5      | Entered Level 5 of the Dungeon
  4938 | D:5      | Noticed a yak
  4949 | D:6      | Killed a yak
  4949 | D:6      | Reached skill level 5 in Unarmed Combat
  5416 | D:5      | Reached skill level 5 in Transmutations
  5416 | D:5      | Reached XP level 8. HP: 45/66 MP: 8/13
  6185 | D:4      | Found Negafim's Magic Scroll Shoppe.
  6193 | D:4      | Bought a scroll of identify for 26 gold pieces
  6193 | D:4      | Bought a scroll of random uselessness for 13 gold pieces
  6243 | D:4      | Bought a scroll of identify for 26 gold pieces
  6243 | D:4      | Bought a scroll of identify for 26 gold pieces
  6243 | D:4      | Bought a scroll of identify for 26 gold pieces
  6243 | D:4      | Bought a scroll of magic mapping for 45 gold pieces
  6366 | D:4      | Gained mutation: You cannot train Dodging skill. [Ru
                  | sacrifice]
  6366 | D:4      | Reached * piety under Ru
  6366 | D:4      | Reached ** piety under Ru
  7775 | D:6      | Found Kuskih's Gadget Shoppe.
  7876 | D:6      | Slain by an orc warrior

Illustrated notes

Levels and vault maps discovered:
D:1:      lemuel_arrival_tunnels, layout_loops_ring
D:2:      layout_rooms, lemuel_doored_altar, nicolae_tso_carved_into_rock,
          uniq_natasha
D:3:      layout_loops_corners, serial_undead, serial_undead_f, serial_undead_e,
          serial_undead_e, serial_undead_f, serial_undead_d, serial_undead_f,
          roderic_serpentine_path, kennysheep_generic_room_14
D:4:      layout_loops_ring, minmay_temple_entry_slanted, serial_shops, shop
D:5:      layout_basic, nzn_random_ring
D:6:      minmay_angry_zag, layout_layer_cave, serial_shops, shop,
          uniq_blork_the_orc
D:7:      layout_loops_cross
Temple:   minmay_crystal_snake_temple

Skill      XL: |  1  2  3  4  5  6  7  8 |
---------------+-------------------------+-----
Dodging        | 2 3 0 |  0.0
Fighting       | 2 3 4 |  4.6
Transmutations | 3 4 5 6 |  6.0
Poison Magic   | 1 2 |  2.0
Unarmed Combat | 4 5 6 |  6.5
Spellcasting   | 3 4 |  4.1

Action                   |  1- 3 |  4- 6 |  7- 9 || total
-------------------------+-------+-------+-------++-------
Melee: Unarmed           |   131 |   199 |   182 ||   512
       Tailslap          |    13 |    14 |     2 ||    29
       Headbutt          |    10 |    10 |     3 ||    23
       Kick              |    23 |    16 |     6 ||    45
       Punch             |     1 |       |       ||     1
 Cast: Beastly Appendage |    22 |    35 |     1 ||    58
       Spider Form       |       |     8 |    27 ||    35
Invok: Sacrifice Nimblen |       |       |     1 ||     1
  Use: Scroll            |       |     7 |     7 ||    14
       Potion            |       |     1 |       ||     1
 Stab: Sleeping          |     1 |     1 |     1 ||     3
Armor: Skin              |    52 |    44 |    18 ||   114
Dodge: Dodged            |   106 |   124 |   151 ||   381

Table legend: (Time is in decaauts)
 A = Elapsed time spent in this place.
 B = Non-inter-level travel time spent in this place.
 C = Inter-level travel time spent in this place.
 D = Time resting spent in this place.
 E = Time spent auto-exploring this place.
 F = Levels seen in this place.
 G = Mean time per level.
                   A        B        C        D        E       F      G
               +--------+--------+--------+--------+--------+-----+--------+
         Total |   7834 |   7609 |    225 |    510 |   5926 |   8 |  979.2 |
       Dungeon |   7485 |   7299 |    186 |    510 |   5620 |   7 | 1069.3 |
        Temple |    348 |    309 |     39 |      0 |    306 |   1 |  348.0 |
               +--------+--------+--------+--------+--------+-----+--------+

Top non-repeatable levels by time:
     D:4: 1680 daAuts
     D:2: 1342 daAuts
     D:5: 1297 daAuts
     D:3: 1234 daAuts
     D:1: 1172 daAuts
     D:6: 755 daAuts
  Temple: 348 daAuts
     D:7: 3 daAuts
